Construct Section Command Post
Construct Platoon Command Post
Selects Air and Sea Battlegroup
Construct Field Infirmary
Unlock Bishop Self-propelled Artillery
Selects Commando Section Paradrop
Selects Commando Support Section Paradrop
6-pounder Anti-tank Gun Team
Bishop Self-propelled Artillery
Bishop Self-propelled Artillery
6-pounder Anti-tank Gun Team
6-pounder Anti-tank Gun Team
Construct Company Command Post
Unlock M3 Stuart Light Tanks
Selects Anti-tank Rocket Loiter